 Dungeon Crawl Stone Soup version 0.30.1-11-g7821555f0a (webtiles) character file.

Game seed: 14626591892357926052

8865 Ginsan the Fighter (level 11, -8/86 HPs)
             Began as a Djinni Ice Elementalist on Nov 25, 2023.
             Was a Believer of Makhleb.
             Mangled by a white ugly thing (40 damage)
             ... on level 11 of the Dungeon.
             The game lasted 02:05:36 (24224 turns).

Ginsan the Fighter (Djinni Ice Elementalist)       Turns: 24224, Time: 02:05:37

Health: -8/86      AC:  6    Str:  7    XL:     11   Next: 63%
Gold:   559        EV: 15    Int: 23    God:    Makhleb [**....] SH:  0 Dex: 17

rFire   + + +        C - +8 great mace of Scorn {venom, Fly rF+ Int+3 Dex-2}
rCold   x . .        (shield currently unavailable)
rNeg    . . .        a - +1 robe
rPois   ∞            (no helmet)
rElec   .            t - +2 cloak of Hinuiw {+Blink Will+ Dex+4}
rCorr   .            (no gloves)
SInv    +            (boots unavailable)
Will    ++...        (no amulet)
Stlth   +++          E - ring of see invisible
HPRegen 0.34/turn    (no ring)
MPRegen 0.00/turn

%: infuse magic (-9 HP)
@: flying
A: sickness immunity, fire resistance 2, cold vulnerability 1, float, innate
caster, HP casting, extra vitality 1
a: Renounce Religion, Evoke Blink, Minor Destruction


You were on level 11 of the Dungeon.
You worshipped Makhleb.
Makhleb was pleased with you.
You visited 2 branches of the dungeon, and saw 12 of its levels.
You visited 1 bazaar.

You collected 640 gold pieces.
You spent 81 gold pieces at shops.

Inventory:

Hand Weapons
 b - a +0 short sword
 C - the +8 great mace of Scorn (weapon) {venom, Fly rF+ Int+3 Dex-2}
   (You took it off a kobold brigand on level 6 of the Dungeon)

   Int:       It affects your intelligence (+3).
   Dex:       It affects your dexterity (-2).
   rF:        It protects you from fire.
   Fly:       It grants you flight.
 D - a +2 dagger of protection
Missiles
 c - 84 stones
 k - 47 poisoned darts
 S - a silver boomerang
Armour
 a - a +1 robe (worn)
 h - a +0 leather armour
 n - a scarf of repulsion
 t - the +2 cloak of Hinuiw (worn) {+Blink Will+ Dex+4}
   (You found it on level 3 of the Dungeon)

   Dex:       It affects your dexterity (+4).
   +Blink:    It lets you blink.
   Will:      It increases your willpower.
 R - a +0 scale mail
 T - a +0 ring mail
 X - a +0 ring mail
Magical Staves
 d - a staff of cold
Jewellery
 y - an amulet of guardian spirit
 E - a ring of see invisible (left hand)
Wands
 A - a wand of digging (4)
 B - a wand of paralysis (5)
 H - a wand of mindburst (20)
 M - a wand of polymorph (8)
 Y - a wand of flame (1)
Scrolls
 f - 2 scrolls of immolation
 g - 2 scrolls of vulnerability
 j - 2 scrolls of fog
 l - 3 scrolls of identify
 r - 3 scrolls of amnesia
 s - 2 scrolls of summoning
 x - 2 scrolls of enchant armour
 J - a scroll of blinking
 K - 2 scrolls of teleportation
 L - a scroll of poison {unknown}
 N - a scroll of fear {unknown}
 O - 2 scrolls of acquirement
 P - a scroll of enchant weapon {unknown}
 Z - a scroll of brand weapon {unknown}
Potions
 e - a potion of brilliance
 i - 2 potions of heal wounds
 m - 4 potions of magic
 o - a potion of attraction {unknown}
 p - a potion of flight {unknown}
 q - a potion of haste {unknown}
 u - a potion of resistance {unknown}
 v - 3 potions of lignification
 w - 9 potions of curing
 z - 2 potions of degeneration {unknown}
 F - 2 potions of mutation {unknown}
 G - a potion of berserk rage {unknown}
 I - 2 potions of might {unknown}


   Skills:
 + Level 10.4 Fighting
 * Level 4.5 Maces & Flails
 - Level 5.7 Dodging
 + Level 3.4 Stealth
 + Level 9.4 Spellcasting


You knew the following spells:

 Your Spells              Type           Power      Damage    Failure   Level
a - Freeze                Ice            100%       1d10      1%          1
b - Frozen Ramparts       Ice            100%       1d16      1%          3
c - Ozocubu's Armour      Ice            53%        N/A       1%          3
d - Summon Ice Beast      Ice/Summ       53%        N/A       1%          4
e - Apportation           Tloc           100%       N/A       1%          1
f - Blink                 Tloc           100%       N/A       1%          2
g - Spider Form           Tmut/Pois      53%        N/A       1%          3
h - Call Canine Familiar  Summ           53%        N/A       1%          3
i - Animate Armour        Summ/Erth      100%       N/A       1%          4
Your spell library was empty.

Dungeon Overview and Level Annotations

Branches:
Dungeon (11/15)            Temple (1/1) D:7            Lair (0/5) D:10
    Orc (0/2) D:10

Altars:
Ashenzari
Dithmenos
Elyvilon
Fedhas
Gozag
Hepliaklqana
Makhleb
Nemelex Xobeh
Okawaru
Qazlal
Ru
Trog
Uskayaw
Wu Jian
Xom
Yredelemnul
Zin
The Shining One

Shops:
D:5 [   D:8 (   D:10 (

Portals:
Trove: D:10 (give +5 demon blade)

Annotations:
D:4 1 exclusion, Dowan, Duvessa
D:5 exclusions: black bear and upstairs, Edmund, Sigmund
D:8 1 runed translucent door, VictorL's ghost, novice FoFi


Innate Abilities, Weirdness & Mutations

You are immune to sickness and miasma.
You are immune to poison.
Your flesh is very heat resistant. (rF++)
You are vulnerable to cold. (rC-)
You float through the air rather than walking.
You learn spells naturally, not from books.
Your magical power is your life essence.
You have superior vitality. (+4 MHP)


Message History

There is an entrance to Erchel's Distillery here.
i - 2 potions of heal wounds (gained 1);
e - a potion of brilliance Thank you for shopping at Erchel's Distillery!
Okay, then.
There is an entrance to Archunete's General Store here.
Casting: Summon Ice Beast (mildly dangerous; 1% risk of failure)
Confirm with . or Enter, or press ? or * to list all spells.
You don't know that spell.
There is an open door here.
There is an entrance to Naheco Husi's Armour Emporium here.
You drop a +0 plate armour.
You drop a +0 chain mail.
You drop a +0 plate armour. x2
There is a dry fountain here.
There is an open door here.
There is an open door here.
There is an open door here.
There is an open door here.
There is a gate leading back out of this place here.
Welcome back to the Dungeon!
The white ugly thing closely misses you.
There is an empty arch of ancient stone here.
The kobold barely misses you.
The kobold throws a stone.
The stone hits you but does no damage.
You see here 14 gold pieces.
Found a stone staircase leading down.
The kobold hits you but does no damage.
The white ugly thing attacks as you move away!
The white ugly thing misses you. The kobold attacks as you move away!
The kobold hits you with a +0 club. The kobold attacks as you move away!
The kobold hits you but does no damage. The kobold attacks as you move away!
The kobold hits you but does no damage. The kobold attacks as you move away!
The kobold hits you with a +0 club.
Found a whip.
The white ugly thing attacks as you move away!
The white ugly thing engulfs you. The white ugly thing freezes you!!!
You feel a terrible chill!
The white ugly thing attacks as you move away!
The white ugly thing engulfs you! The white ugly thing freezes you!!!
You feel a terrible chill!
You die...

,,,*,**,.....####.K..##.....,*,**
,*,******........K...##.#...,****
,,,* *###....K.....#.#...,,***
+*** ##..................,**,,
,,,** #.........[.........,,*,,
,,,,* *##)................#.,,,,,
,,,,***........####.......#*,*,,,
,,,,,,,........u####......#.,**,,
,**,,,*#........@###........,**,,
,,*,,,*#............<....##.,,,,,
,,,*,,*#..#...#.#.#.....##*,,,,,,
,,,*,,,.....###.###.....#**,,,,,,
,,,,,,,#.#..**..#*.......#*,,,,,,
,,,,,,,*....,.......#....#*,,,,,,
,,,,,,,,..,,,..#....*.#.##,,,*,*,
,,,,,,,,,,,,...#....,.#.#,,,,*,*,
,,,,,,,,,,,,,,,.....,...#,,,,,,*,


You could see a white ugly thing.

Vanquished Creatures
  A kobold demonologist (D:9)
  2 polar bears (D:10)
  2 centaur simulacra (D:10)
  4 yaks
  A wraith (D:10)
  3 wyverns (D:10)
  2 acid dragons
  A water moccasin (D:8)
  An ice beast (D:6)
  5 orc warriors (D:10)
  A black bear (D:5)
  A wolf (D:10)
  4 kobold brigands
  4 bullfrogs
  2 scorpions
  3 wights (D:9)
  6 killer bees
  2 howler monkeys
  2 jellies (D:6)
  5 orc priests
  3 hounds
  A gnoll bouda (D:6)
  3 iguanas
  11 orc wizards
  6 gnolls
  8 adders
  A howler monkey simulacrum (D:10)
  4 ufetubi
  A worm (D:2)
  A dart slug (D:1)
  28 orcs
  4 endoplasms (D:1)
  7 hobgoblins
  2 jackals (D:1)
  29 kobolds
  7 quokkas
  4 ball pythons
  5 bats
  3 frilled lizards (D:1)
  2 goblins
  5 rats
187 creatures vanquished.

Vanquished Creatures (collateral kills)
  A kobold demonologist (D:10)
  A troll (D:10)
  A hornet (D:8)
  2 wyverns (D:10)
  9 yaks
  2 steam dragons
  An orc warrior (D:9)
  A meliai simulacrum (D:10)
  A wolf (D:10)
  4 centaurs
  A kobold brigand (D:10)
  A gnoll sergeant (D:10)
  2 wights
  A killer bee (D:9)
  A howler monkey (D:10)
  An electric eel (D:10)
  A hound (D:7)
  A gnoll bouda (D:7)
  An orc priest (D:10)
  3 orc wizards
  An iguana (D:7)
  6 gnolls
  10 orcs
  5 kobolds (D:10)
58 creatures vanquished.

Vanquished Creatures (others)
  A white imp (D:10)
1 creature vanquished.

Grand Total: 246 creatures vanquished

Notes
Turn   | Place    | Note
-------+----------+-------------------------------------------
     0 | D:1      | Ginsan the Djinni Ice Elementalist began the quest for the
                  | Orb.
     0 | D:1      | Ginsan set off with the following spells memorised: Freeze,
                  | Frozen Ramparts, Ozocubu's Armour, Summon Ice Beast.
     0 | D:1      | Reached XP level 1. HP: 15/15 MP: 0/0
   140 | D:1      | Reached XP level 2. HP: 20/21 MP: 0/0
   422 | D:1      | Reached skill level 1 in Fighting
   517 | D:1      | Reached XP level 3. HP: 27/27 MP: 0/0
   517 | D:1      | Learned a level 1 spell: Apportation
  1336 | D:2      | Reached XP level 4. HP: 29/32 MP: 0/0
  1582 | D:3      | Identified the +2 cloak of Hinuiw {+Blink Will+ Dex+4}
  1709 | D:3      | You are sucked into a shaft and drop 3 floors!
  1800 | D:5      | Entered Level 5 of the Dungeon
  1831 | D:5      | Reached skill level 2 in Fighting
  1831 | D:5      | Reached XP level 5. HP: 15/38 MP: 0/0
  1831 | D:5      | Learned a level 2 spell: Blink
  1963 | D:5      | Noticed an ogre
  2668 | D:3      | Reached XP level 6. HP: 36/45 MP: 0/0
  2987 | D:3      | Found a blossoming altar of Fedhas.
  3539 | D:4      | Noticed a black bear
  3780 | D:4      | Reached skill level 3 in Fighting
  4194 | D:4      | Noticed Dowan
  4323 | D:4      | Noticed Duvessa
  4431 | D:4      | Reached XP level 7. HP: 7/50 MP: 0/0
  4431 | D:4      | Learned a level 3 spell: Spider Form
  5175 | D:5      | Noticed Sigmund
  5426 | D:5      | Found Rorgh's Antique Armour Emporium.
  5654 | D:5      | Noticed Edmund
  6094 | D:6      | Reached skill level 5 in Spellcasting
  6952 | D:6      | Reached skill level 5 in Dodging
  7176 | D:6      | Reached XP level 8. HP: 54/58 MP: 0/0
  7401 | D:6      | Noticed a yak
  7417 | D:6      | Killed a yak
  7418 | D:6      | Reached skill level 4 in Fighting
  7692 | D:6      | Identified the +8 great mace of Scorn {venom, Fly rF+ Int+3
                  | Dex-2}
  9162 | D:7      | Reached skill level 5 in Fighting
  9335 | D:7      | Reached XP level 9. HP: 51/65 MP: 0/0
  9335 | D:7      | Learned a level 3 spell: Call Canine Familiar
  9723 | D:7      | Found a staircase to the Ecumenical Temple.
  9732 | Temple   | Entered the Ecumenical Temple
 12197 | Temple   | Became a worshipper of Makhleb the Destroyer
 12736 | D:7      | Found a bloodstained altar of Trog.
 14223 | D:8      | Found a white marble altar of Elyvilon.
 14227 | D:8      | Reached skill level 6 in Fighting
 14613 | D:8      | Noticed a hornet
 14705 | D:8      | Found Hoffuene's Weapon Shoppe.
 15524 | D:8      | Found a broken altar of Ashenzari.
 15694 | D:8      | Killed a hornet
 15695 | D:8      | Reached skill level 7 in Fighting
 15984 | D:8      | Reached XP level 10. HP: 27/76 MP: 0/0
 15988 | D:8      | Reached skill level 8 in Fighting
 16491 | D:8      | Found a shadowy altar of Dithmenos.
 16808 | D:8      | Found a glowing golden altar of the Shining One.
 16961 | D:8      | Found a runed translucent door.
 16961 | D:8      | Noticed a green ugly thing
 16961 | D:8      | Noticed VictorL's ghost (novice FoFi)
 17477 | D:9      | Noticed a kobold demonologist
 17479 | D:9      | Noticed a rust devil
 18169 | D:9      | Reached skill level 9 in Fighting
 18627 | D:9      | Killed a kobold demonologist
 18721 | D:9      | Reached * piety under Makhleb
 20394 | D:10     | Entered Level 10 of the Dungeon
 20508 | D:10     | Reached skill level 1 in Maces & Flails
 20564 | D:10     | Reached XP level 11. HP: 74/85 MP: 0/0
 20564 | D:10     | Learned a level 4 spell: Animate Armour
 20616 | D:10     | Found a staircase to the Orcish Mines.
 21109 | D:10     | Reached skill level 10 in Fighting
 21116 | D:10     | Reached ** piety under Makhleb
 21318 | D:10     | Found a portal to a secret trove of treasure.
 22278 | D:10     | Found Fatolof's Weapon Emporium.
 23332 | D:10     | Found a staircase to the Lair.
 23471 | D:10     | Identified the +7 rapier of a volcano {freeze, rPois SInv}
 23939 | D:11     | Identified 2 scrolls of acquirement
 23948 | D:11     | Found a flickering gateway to a bazaar.
 23961 | D:11     | Noticed a white ugly thing
 23963 | Bazaar   | Entered a bazaar
 23977 | Bazaar   | Found Naheco Husi's Armour Emporium.
 23999 | Bazaar   | Found Archunete's General Store.
 23999 | Bazaar   | Found Erchel's Distillery.
 24021 | Bazaar   | Found Humu's Antique Weapon Emporium.
 24021 | Bazaar   | Found Mule's Book Shoppe.
 24122 | Bazaar   | Bought a potion of heal wounds for 45 gold pieces
 24122 | Bazaar   | Bought a potion of brilliance for 36 gold pieces
 24224 | D:11     | Mangled by a white ugly thing

Illustrated notes

Levels and vault maps discovered:
D:1:      lightli_arrival_lavapool, layout_basic, dreamdust_mushroom_princess,
          minmay_tromino_v4_a
D:2:      layout_basic, minmay_strange_pillars
D:3:      layout_rooms, mainiacjoe_overflow_brackets, kennysheep_another_room,
          hangedman_feature_mirror
D:4:      minmay_octagon_keep, layout_basic, uniq_duvessa
D:5:      dreamdust_elfheim, layout_loops_ring, kennysheep_little_box,
          slow_altar_2, serial_rivers, chequers_serial_rivers_room_a,
          chequers_serial_rivers_room_b, chequers_serial_rivers_micro_b,
          chequers_serial_rivers_micro_c, chequers_serial_rivers_small_3,
          serial_shops, nicolae_shop_hallway_plus, uniq_sigmund, uniq_edmund
D:6:      cheibrodos_fzero, layout_gridville, serial_rivers,
          chequers_serial_rivers_small_a, chequers_serial_rivers_micro_e,
          chequers_serial_rivers_large_a, chequers_serial_rivers_micro_a,
          chequers_serial_rivers_small_b
D:7:      layout_basic, lightli_temple_of_fire, lemuel_temple_firewalk_a
D:8:      layout_loops_cross, mainiacjoe_overflow_concentric_impassable,
          mainiacjoe_overflow_surrounded_room, lemuel_doored_altar,
          elyvilon_altar_4, ebering_ghost_inner_flame, serial_shops,
          nicolae_shop_peninsula
D:9:      layout_gridville, kiku_gazebo_garden_becter, minmay_holes,
          bh_walls_and_bars
D:10:     layout_basic, tgw_sif, erik_lair_dragon, david_orc_4, serial_shops,
          shop, nicolae_trove_entry_isolated, serial_ice, serial_ice_a,
          serial_ice_b, serial_ice_k, serial_ice_c, serial_ice_f, serial_ice_n
D:11:     layout_cave_pools, ploomutoo_gammafunk_ghost_potion_laboratory,
          serial_shops, bzr_entry_gold, nicolae_shop_gadgets, uniq_fannar
Temple:   hc_temple_tempest_star

Skill      XL: |  1  2  3  4  5  6  7  8  9 10 11 |
---------------+----------------------------------+-----
Fighting       | 1 2 3 5 7 9 10 | 10.4
Dodging        | 3 4 5 |  5.7
Spellcasting   | 4 5 6 7 9 |  9.4
Maces & Flails | 1 4 |  4.5
Stealth        | 3 |  3.4

Action                     |  1- 3 |  4- 6 |  7- 9 | 10-12 || total
---------------------------+-------+-------+-------+-------++-------
  Melee: Staff             |     3 |     4 |       |       ||     7
         Great mace        |       |       |    11 |    47 ||    58
         Unarmed           |       |       |     2 |       ||     2
  Throw: Stone             |     4 |     9 |       |       ||    13
         Dart              |     3 |     1 |       |       ||     4
   Cast: Freeze            |    53 |    53 |    81 |     8 ||   195
         Frozen Ramparts   |     2 |     9 |    28 |    30 ||    69
         Ozocubu's Armour  |     1 |     3 |    19 |     6 ||    29
         Blink             |       |     3 |       |       ||     3
         Summon Ice Beast  |       |       |    20 |    34 ||    54
         Call Canine Famil |       |       |    12 |    21 ||    33
         Spider Form       |       |       |     1 |     3 ||     4
         Animate Armour    |       |       |       |     4 ||     4
Ability: End Transformatio |       |       |     1 |     3 ||     4
    Use: Scroll            |       |     5 |     1 |     7 ||    13
         Potion            |       |       |       |     1 ||     1
   Stab: Distracted        |       |       |     1 |     1 ||     2
 Armour: Robe              |     6 |    15 |    51 |    38 ||   110
  Dodge: Dodged            |    22 |    49 |   141 |    73 ||   285
         Repelled          |       |     1 |       |       ||     1
